 Dungeon Crawl Stone Soup version 0.29-a0-668-g12ee2bf84d (webtiles) character file.

Game seed: 12693059955363353283

743 Zonian the Chiller (level 7, -17/32 HPs)
             Began as a Vine Stalker Ice Elementalist on June 23, 2022.
             Was an Initiate of Nemelex Xobeh.
             Demolished by an ogre
             ... wielding a +0 giant club
              (24 damage)
             ... on level 5 of the Dungeon on June 24, 2022.
             The game lasted 00:17:13 (8705 turns).

Zonian the Chiller (Vine Stalker Ice Elementalist)  Turns: 8705, Time: 00:17:16

Health: -17/32     AC:  3    Str: 10    XL:     7   Next: 76%
Magic:  0/14       EV: 14    Int: 15    God:    Nemelex Xobeh [......]
Gold:   244        SH:  0    Dex: 23    Spells: 11/15 levels left

rFire   . . .      SeeInvis .   b - +1 dagger
rCold   . . .      Faith    .   (no shield)
rNeg    . . .      Spirit   +   a - +0 robe
rPois   .          Reflect  .   (no helmet)
rElec   .          Harm     .   r - scarf {repulsion}
rCorr   .          Rampage  .   (no gloves)
Will    .....                   o - +0 pair of boots
Stlth   ++++......              (no amulet)
HPRegen 0.90/turn               m - +6 ring of dexterity
MPRegen 0.14/turn               (no ring)

@: freezing walls, repel missiles
A: fangs 2, regeneration 1, magic shield, antimagic bite, no potion heal 2
a: Renounce Religion, Draw Escape, Draw Destruction, Draw Summoning


You were on level 5 of the Dungeon.
You worshipped Nemelex Xobeh.
Nemelex Xobeh was noncommittal.
You visited 1 branch of the dungeon, and saw 5 of its levels.
You also visited: Sewer.

You collected 244 gold pieces.

Inventory:

Hand Weapons
 b - a +1 dagger (weapon)
 e - a +0 falchion
 g - a +0 hand axe
 l - a +2 mace of protection
 p - a +0 short sword
Armour
 a - a +0 robe (worn)
 o - a +0 pair of boots (worn)
 r - a scarf of repulsion (worn)
Jewellery
 m - a +6 ring of dexterity (left hand)
Scrolls
 d - 2 scrolls of amnesia
 f - a scroll of magic mapping
 i - a scroll of noise
 q - a scroll of blinking
 s - 4 scrolls of teleportation
 t - a scroll of immolation {unknown}
Potions
 c - a potion of flight
 h - 2 potions of might
 j - a potion of attraction {unknown}
 k - 3 potions of curing
 n - a potion of brilliance {unknown}


   Skills:
 + Level 3.7 Dodging
 + Level 5.8 Stealth
 + Level 4.6 Spellcasting
 + Level 5.8 Ice Magic


You had 11 spell levels left.
You knew the following spells:

 Your Spells              Type           Power      Damage    Failure   Level
a - Freeze                Ice            80%        1d9       1%          1
b - Frozen Ramparts       Ice            40%        1d6       4%          3

Your spell library contained the following spells:

 Spells                   Type           Power      Damage    Failure   Level
 Ozocubu's Armour         Ice            20%        N/A       4%          3
 Apportation              Tloc           6%         N/A       17%         1
 Necrotize                Necr           12%        1d4       17%         1
 Summon Small Mammal      Summ           12%        N/A       17%         1
 Blink                    Tloc           6%         N/A       26%         2
 Lesser Beckoning         Tloc           3%         N/A       45%         3
 Hailstorm                Conj/Ice       12%        3d5       45%         4
 Airstrike                Air            1%         N/A       86%         4
 Summon Lightning Spire   Summ/Air       3%         N/A       86%         4
 Lightning Bolt           Conj/Air       1%         1d12      99%         5
 Manifold Assault         Tloc           3%         N/A       99%         5


Dungeon Overview and Level Annotations

Branches:
Dungeon (5/15)             Temple (0/1) D:5           Sewer (visited)

Altars:
Cheibriados
Nemelex Xobeh
Ru
Uskayaw
Wu Jian


Innate Abilities, Weirdness & Mutations

You have extremely sharp teeth.
Your natural rate of healing is unusually fast.
When hurt, damage is shared between your health and your magic reserves.
Your bite disrupts and absorbs the magic of your enemies.
Potions cannot restore your health.


Message History

You start resting.
Magic restored.
You start waiting.
Done waiting.
Unknown command.
Found a mace.
Found a stone staircase leading up.
Unknown command.
You see here an iguana skeleton.
An ogre comes into view. It is wielding a +0 giant club.
Unknown command.
A water moccasin comes into view.
Found a stone staircase leading down.
The ogre shouts!
The ogre hits you with a +0 giant club!
You hit the ogre. You bite the ogre, but do no damage.
The ogre is lightly wounded.
The ogre barely misses you.
Unknown command.
Casting: Freeze (safe; 1% risk of failure)
Confirm with . or Enter, or press ? or * to list all spells.
Casting: Frozen Ramparts (dangerous; 4% risk of failure)
Press: ? - help, Dir - look around, f - activate The walls around you are covered in ice.
The wall freezes the ogre.
Unknown command.
You hit the ogre. Your bite misses the ogre.
The ogre is moderately wounded.
The wall freezes the ogre.
The ogre hits you with a +0 giant club!!
Ouch! That really hurt!
* * * LOW HITPOINT WARNING * * *
You barely miss the ogre. Your punch misses the ogre.
Your bite misses the ogre.
The ogre is moderately wounded.
The wall freezes the ogre.
The ogre hits you with a +0 giant club!!
Ouch! That really hurt!
You die...
Your body disappears without a glow.

#### ###### ### #..##
##....## ###.# #...#
#.>....# ##...####...#
##.....###.....##...##
####.....# #...##.......#
#......O## ##.....#.#....
#.......@## #.......#....
..........####...........
#..........#.............
####.......#.............
#................รท(.....
#.................##.#..
............#.........#..
............##...........
........................


You could see an ogre.

Vanquished Creatures
  A black bear (D:5)
  A phantom (D:4)
  A bullfrog (D:5)
  A scorpion (D:4)
  A howler monkey (D:4)
  3 orc priests
  A hound (D:5)
  2 iguanas (D:5)
  An orc wizard (D:2)
  3 gnolls (D:2)
  5 adders
  2 ufetubi (Sewer)
  3 worms
  4 dart slugs
  17 orcs
  13 bats
  8 endoplasms
  3 giant cockroaches
  7 goblins
  11 hobgoblins
  3 jackals (D:1)
  7 quokkas
  6 ball pythons
  2 frilled lizards (D:2)
  11 kobolds
  3 rats (D:1)
120 creatures vanquished.

Notes
Turn   | Place    | Note
-------+----------+-------------------------------------------
     0 | D:1      | Zonian the Vine Stalker Ice Elementalist began the quest
                  | for the Orb.
     0 | D:1      | Reached XP level 1. HP: 9/9 MP: 4/4
    46 | D:1      | Reached XP level 2. HP: 9/13 MP: 0/6
   259 | D:1      | Found a faded altar of an unknown god.
   870 | D:1      | Reached XP level 3. HP: 12/16 MP: 3/7
  1982 | D:2      | Gained mutation: Your natural rate of healing is unusually
                  | fast. [Vine Stalker growth]
  1982 | D:2      | Reached XP level 4. HP: 6/21 MP: 2/9
  2665 | D:2      | Reached XP level 5. HP: 23/24 MP: 5/10
  3667 | D:3      | Learned a level 3 spell: Frozen Ramparts
  4303 | D:3      | Found a hide-covered altar of Uskayaw.
  5297 | D:4      | Noticed a phantom
  5317 | D:4      | Killed a phantom
  5318 | D:4      | Reached skill level 5 in Ice Magic
  5318 | D:4      | Reached XP level 6. HP: 12/28 MP: 4/12
  5401 | D:4      | Found a glowing drain.
  5411 | Sewer    | Entered a sewer
  5695 | Sewer    | Noticed Grinder
  6559 | D:4      | Found a snail-covered altar of Cheibriados.
  6560 | D:4      | Found a sparkling altar of Nemelex Xobeh.
  7139 | D:4      | Became a worshipper of Nemelex Xobeh the Trickster
  7162 | D:5      | Entered Level 5 of the Dungeon
  7178 | D:4      | Reached skill level 5 in Stealth
  7386 | D:4      | Reached XP level 7. HP: 28/32 MP: 5/14
  7913 | D:5      | Found an ornate altar of the Wu Jian Council.
  7920 | D:5      | Found a sacrificial altar of Ru.
  8336 | D:5      | Found a staircase to the Ecumenical Temple.
  8705 | D:5      | Demolished by an ogre

Illustrated notes

Levels and vault maps discovered:
D:1:      scummos_arrival_forest, layout_rooms,
          hellmonk_ecumenical_altar_heavens_door
D:2:      layout_basic
D:3:      layout_basic, nicolae_uskayaw_dance_hall
D:4:      layout_basic, mainiacjoe_overflow_divided_tiny, serial_corexii_hall,
          corexii_hall_statues_u, chequers_hall_statues_y, portal_sewer_entry_d
D:5:      layout_cave_pools, mainiacjoe_overflow_large_starburst,
          minmay_temple_entry_statues

Skill      XL: |  1  2  3  4  5  6 |
---------------+-------------------+-----
Stealth        | 3 4 5 |  5.8
Dodging        | 2 3 |  3.7
Spellcasting   | 3 4 |  4.6
Ice Magic      | 5 |  5.8

Action                   |  1- 3 |  4- 6 |  7- 9 || total
-------------------------+-------+-------+-------++-------
Melee: Unarmed           |     3 |       |       ||     3
       Bite              |    15 |    56 |    20 ||    91
       Dagger            |    45 |   196 |    43 ||   284
       Punch             |       |     1 |     1 ||     2
 Cast: Freeze            |    41 |    38 |     8 ||    87
       Frozen Ramparts   |       |       |     6 ||     6
  Use: Potion            |     1 |     3 |       ||     4
       Scroll            |       |    12 |     3 ||    15
 Stab: Sleeping          |     4 |    19 |       ||    23
Armor: Robe              |    18 |    36 |     3 ||    57
Dodge: Dodged            |    47 |   189 |    30 ||   266

Table legend: (Time is in decaauts)
 A = Elapsed time spent in this place.
 B = Non-inter-level travel time spent in this place.
 C = Inter-level travel time spent in this place.
 D = Time resting spent in this place.
 E = Time spent auto-exploring this place.
 F = Levels seen in this place.
 G = Mean time per level.
                   A        B        C        D        E       F      G
               +--------+--------+--------+--------+--------+-----+--------+
         Total |   8680 |   8405 |    275 |   4038 |   2696 |   6 | 1446.7 |
       Dungeon |   8409 |   8134 |    275 |   3970 |   2648 |   5 | 1681.8 |
         Sewer |    270 |    270 |      0 |     68 |     47 |   1 |  270.0 |
               +--------+--------+--------+--------+--------+-----+--------+

Top non-repeatable levels by time:
     D:4: 2357 daAuts
     D:2: 2275 daAuts
     D:1: 1580 daAuts
     D:3: 1120 daAuts
     D:5: 1074 daAuts
   Sewer: 270 daAuts
